 Dungeon Crawl Stone Soup version 0.13-a0-2350-g4422b0a (webtiles) character file.

163 Lekart the Ducker (level 3, -11/45 HPs)
             Began as a Draconian Chaos Knight on July 10, 2013.
             Was a Plaything of Xom.
             Killed by divine providence
             ... invoked by an orc priest
              (15 damage)
             ... on Level 3 of the Dungeon on July 11, 2013.
             The game lasted 00:06:26 (1214 turns).

Lekart the Ducker (Draconian Chaos Knight)          Turns: 1214, Time: 00:06:26

HP -11/45        AC  5     Str 19      XL: 3   Next: 96%
MP   3/3         EV 13     Int 17      God: Xom
Gold 97          SH  0     Dex 11      Spells:  0 memorised,  2 levels left

Res.Fire  : + . .   See Invis. : .   a - +0 mace (chaos)
Res.Cold  : x . .   Warding    : .   (armour unavailable)
Life Prot.: . . .   Conserve   : .   (no shield)
Res.Poison: .       Res.Corr.  : .   (helmet restricted)
Res.Elec. : .       Clarity    : .   (no cloak)
Sust.Abil.: . .     Spirit.Shd : .   (no gloves)
Res.Mut.  : .       Stasis     : .   (no boots)
Res.Rott. : .       Flight     : +   (no amulet)
Saprovore : . . .                    (no ring)
                                     f - ring of fire

@: brilliant, berserking, flying, very quick, not resistant to hostile
enchantments, extremely unstealthy
A: unfitting armour, AC +5
a: Renounce Religion


You were on level 3 of the Dungeon.
You worshipped Xom.
You were a toy of Xom.
You were hungry.

You visited 1 branch of the dungeon, and saw 3 of its levels.

You collected 77 gold pieces.

Inventory:

Hand weapons
 a - a +0,+0 mace of chaos (weapon)
Comestibles
 c - 2 bread rations
 n - 15 sultanas
Scrolls
 b - a scroll of curse weapon {unknown}
 d - 2 scrolls of enchant weapon I {unknown}
 e - a scroll of enchant armour {unknown}
 i - 2 scrolls of identify {unknown}
 j - 4 scrolls of remove curse {unknown}
 k - 2 scrolls of teleportation {unknown}
 m - a scroll of fog {unknown}
Jewellery
 f - a ring of fire (left hand)
Potions
 h - a potion of curing


   Skills:
 - Level 3.4 Fighting
 - Level 3.3 Maces & Flails
 + Level 3.7 Dodging


You had 2 spell levels left.
You didn't know any spells.

Dungeon Overview and Level Annotations

Branches:
Dungeon (3/27)

Altars:
Makhleb
Zin


Message History

You feel very buoyant.
You fly up into the air.
It was a potion of flight.
The orc barely misses you.
You hit the orc. You burn the orc.
The orc is moderately wounded.
You hit the orc.
The orc is heavily wounded.
The orc hits you with an orcish short sword.
* * * LOW HITPOINT WARNING * * *
The hobgoblin closely misses you. The orc barely misses you.
You closely miss the orc.
The orc is heavily wounded.
Xom smiles on you.
A red film seems to cover your vision as you go berserk!
You feel yourself moving faster!
You feel mighty! The hobgoblin hits you with a club.
* * * LOW HITPOINT WARNING * * *
The orc priest invokes the aid of Beogh against you.
Something smites you!
You die...
Xom guffaws!

####### .# .
#......####.##.#
#.##
........#.#....
#.#...
#.....#...?.#
#.....
#.@.......#
#....
#.go......# #...
###.....###
#..## ##...##
#...###
###.o#..#
##.....#
#...###...#
#<.....###.###
##.#
#.###....#o.# .#
## #...)o.##


You could see an orc priest, an orc and a hobgoblin.

Vanquished Creatures
  2 adders (D:2)
  A giant mite (D:1)
  2 giant geckos
  2 oozes
  An orc (D:3)
  5 giant cockroaches (D:1)
  4 hobgoblins
  A quokka (D:2)
  3 bats
  A giant newt (D:2)
  8 goblins
  A kobold (D:1)
  6 rats
37 creatures vanquished.

Vanquished Creatures (others)
  A rat (D:2)
1 creature vanquished.

Grand Total: 38 creatures vanquished

Notes
Turn   | Place    | Note
--------------------------------------------------------------
     0 | D:1      | Lekart, the Draconian Chaos Knight, began the quest for the Orb.
     0 | D:1      | Reached XP level 1. HP: 17/17 MP: 1/1
     0 | D:1      | Upgraded the game from 0.13-a0-2318-gf5ad1f9 to 0.13-a0-2350-g4422b0a
    97 | D:1      | XOM: silly message
   288 | D:1      | Reached XP level 2. HP: 22/24 MP: 2/2
   370 | D:1      | XOM: harmless Summ miscast
   677 | D:2      | Reached XP level 3. HP: 30/30 MP: 3/3
   736 | D:2      | XOM: noise
   915 | D:2      | Found a burning altar of Makhleb.
   915 | D:2      | Noticed a balrug
   918 | D:2      | Found a glowing silver altar of Zin.
   918 | D:2      | Noticed an angel
  1017 | D:2      | XOM: enchant monster (good)
  1045 | D:2      | XOM: potion effect (agility)
  1185 | D:3      | XOM: potion effect (heal wounds)
  1204 | D:3      | XOM: silly message
  1214 | D:3      | XOM: potion effect (berserk)
  1214 | D:3      | Killed from afar by an orc priest

Action                   || total
-------------------------++-------
Melee: Mace              ||   133
  Use: Potion            ||     4
 Stab: Petrifying        ||     1
       Petrified         ||     1
